 Dungeon Crawl Stone Soup version 0.18.1-8-gdd0e5ea (webtiles) character file.

9027 nikopol the Spear-Bearer (level 11, 0/97 HPs)
             Began as a Minotaur Berserker on May 29, 2016.
             Was a High Priest of Trog.
             Slain by an orc warrior
             ... wielding a +0 trident
              (18 damage)
             ... on level 11 of the Dungeon.
             The game lasted 00:29:32 (8863 turns).

nikopol the Spear-Bearer (Minotaur Berserker)       Turns: 8863, Time: 00:29:33

Health: 0/97       AC: 14    Str: 22    XL:     11   Next: 17%
Magic:  10/10      EV: 14    Int:  7    God:    Trog [*****.]
Gold:   572        SH:  0    Dex: 13    Spells: 0 memorised, 10 levels left

rFire  . . .     SeeInvis .     S - +3 spear (pierce)
rCold  . . .     Gourm    .     m - +0 scale mail
rNeg   . . .     Faith    .     (no shield)
rPois  +         Spirit   .     r - +2 hat {Int+3}
rElec  .         Dismiss  .     O - +0 cloak
rCorr  .         Reflect  .     A - +1 pair of gloves
SustAt .         Harm     .     (no boots)
MR     +....                    (no amulet)
Stlth  ..........               J - ring of poison resistance
                                D - ring of protection from magic

@: exhausted, slowed, very slow, somewhat resistant to hostile enchantments,
extremely unstealthy
A: retaliatory headbutt, horns 2
a: Berserk, Trog's Hand, Brothers in Arms, Burn Spellbooks, Renounce Religion


You were on level 11 of the Dungeon.
You worshipped Trog.
Trog was extremely pleased with you.
You were near starving.

You visited 1 branch of the dungeon, and saw 11 of its levels.

You collected 572 gold pieces.

Inventory:

Hand Weapons
 a - a +0 spear
 i - a +0 trident
 E - a +2 scythe of venom
 S - a +3 spear of piercing (weapon)
 U - a +2 spear
Missiles
 j - 3 javelins (quivered)
 T - 4 javelins of penetration
 W - 7 exploding tomahawks
Armour
 b - a +0 animal skin
 m - a +0 scale mail (worn)
 r - a +2 hat of intelligence (worn)
 A - a +1 pair of gloves (worn)
 O - a +0 cloak (worn)
Jewellery
 D - a ring of protection from magic (left hand)
 F - an uncursed ring of flight
 J - a ring of poison resistance (right hand)
Wands
 H - a wand of acid (5/15)
 I - a wand of paralysis (24/24)
 Q - a wand of polymorph (17/24)
Scrolls
 d - 2 scrolls of fear
 g - a scroll of immolation
 k - 12 scrolls of identify
 l - 2 scrolls of teleportation
 p - a scroll of remove curse
 s - a scroll of enchant armour
 t - 2 scrolls of blinking
 z - a scroll of random uselessness
Potions
 e - 3 potions of heal wounds {unknown}
 f - 2 potions of cure mutation {unknown}
 h - 2 potions of curing {unknown}
 n - 3 potions of agility {unknown}
 o - a potion of magic {unknown}
 q - 2 potions of might {unknown}
 u - 4 potions of degeneration
 x - 2 potions of resistance {unknown}
 G - a potion of lignification {unknown}
 P - 4 potions of invisibility {unknown}
Books
 N - a book of Battle

   Spells                             Type                      Level
   a - Infusion                       Charms                       1
   b - Shroud of Golubria             Charms/Translocation         2
   c - Song of Slaying                Charms                       2
   d - Spectral Weapon                Hexes/Charms                 3
   e - Regeneration                   Charms/Necromancy            3
   Trog disapproves of the use of such an item.
Miscellaneous
 V - a phial of floods
Comestibles
 c - 6 bread rations
 w - 4 meat rations
 C - 5 fruits
 M - 10 royal jellies
 R - 5 chunks of flesh
 X - a beef jerky


   Skills:
 + Level 9.3 Fighting
 * Level 12.4 Polearms
 + Level 7.1 Throwing
 + Level 8.7 Armour
 + Level 8.2 Dodging


You had 10 spell levels left.
You didn't know any spells.

Dungeon Overview and Level Annotations

Branches:
Dungeon (11/15)            Temple (0/1) D:6            Lair (0/8) D:11
    Orc: D:9-12

Altars:
Ashenzari
Cheibriados
Dithmenos
Fedhas
Gozag
Makhleb
Okawaru
Pakellas
Ru
Trog
Vehumet
Xom
Zin
The Shining One
Jiyva

Shops:
D:7 !   D:10 (}


Innate Abilities, Weirdness & Mutations

You reflexively headbutt those who attack you in melee.
You have a pair of horns on your head.


Message History

You are too injured to fight recklessly!
You are too injured to fight recklessly!
You are too injured to fight recklessly!
You closely miss the giant frog. The giant frog barely misses you.
You furiously retaliate!
You headbutt the giant frog! The orc closely misses you.
You hit the giant frog. Your headbutt misses the giant frog.
The giant frog is severely wounded.
The giant frog hits you.
* * * LOW HITPOINT WARNING * * *
The orc warrior hits you from afar with a trident.
* * * LOW HITPOINT WARNING * * *
The orc warrior closely misses you. You furiously retaliate!
You headbutt the orc warrior! You closely miss the giant frog.
Your headbutt misses the giant frog.
The giant frog is severely wounded.
The giant frog barely misses you. You furiously retaliate!
You headbutt the giant frog. The orc closely misses you.
The orc warrior hits you from afar with a trident!!
You die...

#.... #.........# #
#....####.....####..#
+............=)'....#
#..........'.###....#
#.........)### ....#
#..........# #+###
######(..###
####..F.####
#...o@.)...#
#....o).....#
#..ooo......#
#...........+
#...........#
.............#
..#..........#
.##..........#


You could see 3 orc warriors, a giant frog and 2 orcs.

Vanquished Creatures
  Josephine (D:10)
  The ghost of striepan the Severer, a novice MiFi of Okawaru (D:10)
  Maurice (D:8)
  Psyche (D:8)
  A troll (D:11)
  Prince Ribbit (D:8)
  Sigmund (D:6)
  4 wraiths (D:10)
  3 yaks (D:10)
  2 wyverns (D:9)
  4 hippogriffs
  3 wargs (D:11)
  4 orc warriors
  3 sky beasts
  A black bear (D:6)
  2 phantoms
  3 ice beasts
  4 ogres
  2 centaurs (D:9)
  4 big kobolds
  6 giant frogs
  A water moccasin skeleton (D:8)
  A scorpion (D:7)
  4 wights (D:9)
  2 howler monkeys
  7 crimson imps
  5 jellies
  A quasit (D:6)
  3 hounds
  7 orc priests
  7 orc wizards
  3 iguanas
  Natasha (D:4)
  8 worker ants
  2 worker ant zombies
  9 adders
  8 gnolls
  A howler monkey skeleton (D:4)
  2 shadow imps
  6 oozes
  An adder zombie (D:9)
  2 worms
  A dart slug (D:2)
  4 giant geckos
  39 orcs
  4 bats
  5 giant cockroaches
  9 hobgoblins
  10 jackals
  3 quokkas
  4 ball pythons
  3 giant newts
  12 goblins
  23 kobolds
  A quokka skeleton (D:5)
  5 rats
256 creatures vanquished.

Notes
Turn   | Place    | Note
--------------------------------------------------------------
     0 | D:1      | nikopol the Minotaur Berserker began the quest for the Orb.
     0 | D:1      | Reached XP level 1. HP: 19/19 MP: 0/0
   156 | D:1      | Reached XP level 2. HP: 27/27 MP: 1/1
   265 | D:1      | You fall through a shaft!
   278 | D:2      | Found a shadowy altar of Dithmenos.
   321 | D:2      | Reached skill level 4 in Polearms
   550 | D:1      | Reached XP level 3. HP: 33/33 MP: 2/2
   893 | D:2      | Reached ** piety under Trog
   993 | D:2      | Reached skill level 1 in Throwing
  1061 | D:2      | Reached XP level 4. HP: 36/40 MP: 3/3
  1880 | D:3      | Reached XP level 5. HP: 43/46 MP: 4/4
  2100 | D:3      | Found a blossoming altar of Fedhas.
  2427 | D:4      | Reached skill level 5 in Polearms
  2441 | D:4      | Found a radiant altar of Vehumet.
  2443 | D:4      | Found a sacrificial altar of Ru.
  2443 | D:4      | Found an oddly glowing altar of Pakellas.
  2661 | D:4      | Noticed a phantom
  2992 | D:4      | Killed a phantom
  2992 | D:4      | Reached XP level 6. HP: 44/53 MP: 5/5
  3070 | D:4      | Noticed Natasha
  3077 | D:4      | Killed Natasha
  3353 | D:4      | Found a snail-covered altar of Cheibriados.
  3523 | D:5      | Entered Level 5 of the Dungeon
  3571 | D:5      | Reached *** piety under Trog
  3577 | D:5      | Reached skill level 5 in Fighting
  3634 | D:5      | Found an opulent altar of Gozag.
  3693 | D:5      | Reached skill level 6 in Polearms
  3693 | D:5      | Reached XP level 7. HP: 61/61 MP: 6/6
  3872 | D:5      | Found a shadowy altar of Dithmenos.
  4083 | D:5      | Reached skill level 7 in Polearms
  4083 | D:5      | Reached skill level 5 in Armour
  4238 | D:5      | Reached XP level 8. HP: 41/70 MP: 7/7
  4242 | D:5      | Reached **** piety under Trog
  4712 | D:6      | Reached skill level 5 in Dodging
  4890 | D:6      | Noticed Sigmund
  4894 | D:6      | Reached skill level 8 in Polearms
  4910 | D:6      | Killed Sigmund
  5241 | D:6      | Found a staircase to the Ecumenical Temple.
  5266 | D:6      | Found a burning altar of Makhleb.
  5647 | D:7      | Found Riyxepn's Distillery.
  5708 | D:7      | Reached XP level 9. HP: 72/78 MP: 8/8
  6034 | D:7      | Found an iron altar of Okawaru.
  6037 | D:7      | Found a bloodstained altar of Trog.
  6047 | D:7      | Found a shattered altar of Ashenzari.
  6050 | D:7      | Reached skill level 9 in Polearms
  6059 | D:7      | Found a glowing golden altar of the Shining One.
  6134 | D:8      | Noticed Prince Ribbit
  6138 | D:8      | Reached skill level 5 in Throwing
  6150 | D:8      | Killed Prince Ribbit
  6282 | D:8      | Found a shimmering altar of Xom.
  6282 | D:8      | Noticed an angel
  6288 | D:8      | Found a glowing silver altar of Zin.
  6312 | D:8      | Noticed Psyche
  6322 | D:8      | Killed Psyche
  6380 | D:8      | Noticed Maurice
  6394 | D:8      | Killed Maurice
  6394 | D:8      | Reached skill level 10 in Polearms
  6802 | D:8      | Reached ***** piety under Trog
  6807 | D:8      | Found a viscous altar of Jiyva.
  7036 | D:8      | Received a gift from Trog
  7228 | D:9      | Found an iron altar of Okawaru.
  7279 | D:9      | Reached XP level 10. HP: 88/88 MP: 9/9
  7458 | D:9      | Reached skill level 11 in Polearms
  7755 | D:10     | Entered Level 10 of the Dungeon
  8007 | D:10     | Found Xiulup's Quality Used Wands.
  8093 | D:10     | Noticed striepan's ghost (novice MiFi)
  8112 | D:10     | Killed striepan's ghost
  8500 | D:10     | Noticed Josephine
  8519 | D:10     | Killed Josephine
  8519 | D:10     | Reached skill level 12 in Polearms
  8527 | D:10     | Reached XP level 11. HP: 97/97 MP: 10/10
  8625 | D:10     | Found Maoserph's Weapon Shop.
  8717 | D:11     | Found a staircase to the Lair.
  8789 | D:11     | Identified a scroll of acquirement
  8826 | D:11     | Received a gift from Trog
  8863 | D:11     | Slain by an orc warrior

Skill      XL: |  1  2  3  4  5  6  7  8  9 10 11 |
---------------+----------------------------------+-----
Fighting       | 4 5 6 8 9 |  9.3
Polearms       | 4 5 6 7 8 10 12 | 12.4
Throwing       | 1 2 3 4 5 6 7 |  7.1
Dodging        | 3 4 5 6 7 8 |  8.2
Armour         | 3 4 5 6 7 8 |  8.7

Action                   |  1- 3 |  4- 6 |  7- 9 | 10-12 || total
-------------------------+-------+-------+-------+-------++-------
Melee: Spear             |    90 |    34 |    31 |   359 ||   514
       Headbutt          |     9 |    22 |    45 |    50 ||   126
       Trident           |       |   136 |   161 |       ||   297
       Scythe            |       |       |   105 |       ||   105
Throw: Javelin           |       |     1 |     2 |     1 ||     4
Invok: Berserk           |       |     3 |     3 |     4 ||    10
       Burn Spellbooks   |       |       |       |     1 ||     1
  Use: Scroll            |       |       |       |    13 ||    13
  Eat: Chunk             |     1 |     4 |    14 |     8 ||    27
       Pizza             |       |     1 |     1 |       ||     2
       Bread ration      |       |     1 |       |       ||     1
Armor: Animal skin       |     5 |       |       |       ||     5
       Scale mail        |     5 |    40 |   128 |    36 ||   209
Dodge: Dodged            |    32 |    66 |   148 |   100 ||   346
